 Dungeon Crawl Stone Soup version 0.28-a0-655-g4eb62b627b (webtiles) character file.

Game seed: 14993152332658141661

33541 ytrimaz the Severer (level 13, -1/183 HPs)
             Began as a Hill Orc Fighter on Oct 12, 2021.
             Was a Priest of Beogh.
             Killed from afar by a deep elf zephyrmancer (11 damage)
             ... with a bolt of lightning
             ... on level 1 of the Elven Halls.
             The game lasted 00:43:45 (18660 turns).

ytrimaz the Severer (Hill Orc Fighter)             Turns: 18660, Time: 00:43:46

Health: -1/183     AC: 26    Str: 27    XL:     13   Next: 71%
Magic:  21/21      EV:  2    Int:  8    God:    Beogh [***...]
Gold:   1282       SH: 13    Dex: 10    Spells: 12/12 levels left

rFire   + . .      SeeInvis +   d - +2 flail of the Grave {drain, rCorr Str+3 SInv}
rCold   . . .      Faith    .   I - +0 tower shield
rNeg    . . .      Spirit   .   (armour currently unavailable)
rPois   +          Reflect  .   (helmet currently unavailable)
rElec   .          Harm     .   (cloak currently unavailable)
rCorr   +          Rampage  .   (gloves currently unavailable)
Will    .....      NoTele   +   (boots currently unavailable)
Stlth   +.........              D - amulet of magic regeneration
HPRegen 0.40/turn               F - ring of protection from fire
MPRegen 0.42/turn               H - ring of see invisible

@: tree-form
A: stationary, stasis, torment immunity, boosted hp
a: Renounce Religion, Smiting


You were on level 1 of the Elven Halls.
You worshipped Beogh.
Beogh was most pleased with you.
You were a tree.
You visited 5 branches of the dungeon, and saw 17 of its levels.

You collected 3566 gold pieces.
You spent 2284 gold pieces at shops.

Inventory:

Hand Weapons
 a - a +4 spectral war axe
 d - the +2 flail of the Grave (weapon) {drain, rCorr Str+3 SInv}
   (You bought it in a shop on level 2 of the Orcish Mines)

   A truly terrible weapon, it drains the life of any living foe it strikes.
   Str:       It affects your strength (+3).
   SInv:      It lets you see invisible.
   rCorr:     It protects you from acid and corrosion.
 q - a +0 war axe of electrocution
 x - a +1 executioner's axe of venom
Armour
 c - a +0 buckler
 m - a +0 pair of boots (melded)
 y - a +2 pair of gloves of strength (melded)
 z - a +2 cloak of poison resistance (melded)
 G - the +7 Kryia's mail coat (melded) {PotionHeal*2 rC+}
   (You found it on level 10 of the Dungeon)

   Potions are twice as effective at healing its wearer.
   rC:        It protects you from cold.
 I - a +0 tower shield (worn)
Jewellery
 j - a ring of flight
 n - a ring of protection from cold
 A - a ring of poison resistance
 D - an amulet of magic regeneration (around neck)
 F - a ring of protection from fire (left branch)
 H - a ring of see invisible (right branch)
Wands
 b - a wand of paralysis (9)
 l - a wand of flame (17)
 C - a wand of acid (14)
Scrolls
 e - a scroll of brand weapon
 i - a scroll of enchant armour
 o - 4 scrolls of fog
 p - 4 scrolls of noise
 r - 4 scrolls of teleportation
 v - 4 scrolls of amnesia
Potions
 f - 5 potions of flight
 g - 2 potions of resistance
 h - a potion of haste
 k - a potion of lignification
 s - 3 potions of brilliance
 u - 2 potions of invisibility
 w - 2 potions of magic {uhh}
 E - a potion of degeneration {unknown}


   Skills:
 + Level 13.4 Fighting
 - Level 16.3(16.8) Axes
 * Level 5.6(10.6) Maces & Flails
 * Level 13.5 Armour
 - Level 0.2 Dodging
 * Level 6.0 Shields
 - Level 11.0 Invocations


You had 12 spell levels left.
You didn't know any spells.
Your spell library contained the following spells:

 Spells                   Type           Power      Damage    Failure   Level
 Pain                     Necr           0%         1d4       99%         1
 Corpse Rot               Necr/Air       N/A        N/A       100%        2
 Poisonous Vapours        Pois/Air       0%         N/A       100%        2
 Slow                     Hex            0%         N/A       100%        2
 Call Canine Familiar     Summ           0%         N/A       100%        3
 Confusing Touch          Hex            0%         N/A       100%        3
 Frozen Ramparts          Ice            0%         1d2       100%        3
 Portal Projectile        Hex/Tloc       0%         N/A       100%        3
 Spider Form              Tmut/Pois      0%         N/A       100%        3
 Summon Guardian Golem    Hex/Summ       0%         N/A       100%        3
 Vampiric Draining        Necr           0%         2d6       100%        3
 Ice Form                 Ice/Tmut       0%         N/A       100%        4
 Leda's Liquefaction      Hex/Erth       0%         N/A       100%        4
 Passage of Golubria      Tloc           N/A        N/A       100%        4
 Summon Ice Beast         Ice/Summ       0%         N/A       100%        4
 Agony                    Necr           0%         N/A       100%        5
 Alistair's Intoxication  Tmut/Pois      0%         N/A       100%        5
 Excruciating Wounds      Necr           0%         N/A       100%        5
 Orb of Destruction       Conj           0%         N/A       100%        7
 Spellforged Servitor     Conj/Summ      0%         N/A       100%        7
 Storm Form               Tmut/Air       0%         N/A       100%        7


Dungeon Overview and Level Annotations

Branches:
Dungeon (12/15)            Temple (1/1) D:4            Lair (1/6) D:8
    Orc (2/2) D:12            Elf (1/3) Orc:2

Altars:
Ashenzari
Cheibriados
Dithmenos
Elyvilon
Fedhas
Gozag
Hepliaklqana
Kikubaaqudgha
Makhleb
Nemelex Xobeh
Okawaru
Qazlal
Ru
Sif Muna
Trog
Uskayaw
Vehumet
Wu Jian
Xom
Yredelemnul
Zin
The Shining One
Beogh

Shops:
D:3 ?*(   D:10 [   Orc:2 [(*(*


Message History

Saint Roka mumbles some strange prayers to Beogh against the salamander.
The salamander is smitten.
The salamander hits you.
* * * LOW HITPOINT WARNING * * *
You are engulfed in flames.
You resist.
* * * LOW HITPOINT WARNING * * *
The salamander barely misses you.
You barely miss the salamander.
The salamander is severely wounded.
The salamander barely misses you.
Unknown command.
Unknown command.
Okay, then.
Okay, then.
Unknown command.
Okay, then.
The salamander hits Saint Roka.
Saint Roka is engulfed in flames!
Unknown command.
The fire elemental disappears in a puff of smoke!
Saint Roka barely misses something.
Something hits Saint Roka but does no damage.
Unknown command.
Saint Roka calls down the wrath of Beogh upon the salamander.
The salamander is smitten.
The salamander hits Saint Roka but does no damage.
Really quaff the potion of lignification?
You turn into a tree.
Your +2 cloak of poison resistance melds into your body.
Your +2 pair of gloves of strength melds into your body.
Your +0 pair of boots melds into your body.
The +7 Kryia's mail coat {PotionHeal*2 rC+} melds into your body.
You no longer feel resistant to poison.
You feel weaker.
Your attunement to healing potions decreases.
Your roots penetrate the ground.
Saint Roka hits the salamander with a +6 vorpal long sword!
The salamander dies!
Beogh accepts your kill.
The deep elf zephyrmancer gestures at you while chanting.
The bolt of lightning hits Saint Roka!!
The bolt of lightning hits you!
You die...

.....,* **,,,,,** #.#....
....e.* *,,,,,,,* #.#....
......#* *,,,,,,,** #......
(.....e#####*,,,,,* #.#...)
,,,,,#eoo..#*,,,,** #.#....
.......#)..#****,* #####
#.#e8°.
#.######.))####***##...#
#☼EE○(. ***
#...#o#...#####...°####○#..e.
#.........#.♣.#.#EsE°sEe##(.(
#...#.#...#.#o#)*○########..8
#####...####...##+## **,,
#(..#...#....#e.☼.#** ***
#.).#..)'.#.#.#.#.#,******
####)))##)##....#....#*+*,,,**
#....#))))##'##^..####**,,,,,*
#...###)).').o#.#.#*****,,,,,*
#...)#).).#.#.#[./#*,,,+,,,,,*


You could see a deep elf zephyrmancer (ally target) and the friendly Saint Roka.

Vanquished Creatures
  A deep elf sorcerer (Elf:1)
  3 orc warlords (Orc:2)
  Snorg (Orc:2)
  A death knight (D:11)
  2 two-headed ogres (D:9)
  A deep elf knight (Elf:1)
  Pikel (D:8)
  A phantasmal warrior (D:10)
  4 deep elf pyromancers
  2 deep elf zephyrmancers (Elf:1)
  A manticore (D:12)
  5 orc sorcerers (Orc:2)
  2 cyclopes (D:12)
  Joseph (D:7)
  2 unseen horrors
  2 trolls
  A shadow (D:12)
  3 wyverns
  31 yaks
  4 wraiths
  Grum (D:9)
  2 steam dragons
  2 vampire mosquitoes (D:12)
  4 wargs (Orc:2)
  2 water moccasins
  A hornet zombie (D:7)
  2 ice beasts
  5 ogres
  11 orc warriors
  3 black bears
  2 sky beasts
  8 centaurs
  3 wolves
  3 kobold brigands
  4 bullfrogs
  2 gnoll sergeants
  Blork the orc (D:6)
  3 scorpions
  2 wyvern zombies (D:8)
  3 wights (D:8)
  13 killer bees
  An electric eel (D:12)
  3 howler monkeys
  3 centaur zombies
  A jelly (D:4)
  A gnoll shaman (D:7)
  5 orc priests
  Jessica (D:3)
  6 iguanas
  17 orc wizards
  A killer bee zombie (D:6)
  A hound skeleton (D:5)
  A howler monkey zombie (D:9)
  8 gnolls
  6 adders
  2 shadow imps
  3 white imps
  4 ufetubi
  An adder skeleton (D:4)
  A worm (D:2)
  3 dart slugs
  38 orcs
  10 ball pythons
  9 endoplasms
  3 giant cockroaches
  8 goblins
  5 hobgoblins
  8 jackals
  21 kobolds
  2 quokkas (D:4)
  8 bats
  3 frilled lizards
  4 rats
334 creatures vanquished.

Vanquished Creatures (collateral kills)
  6 dancing weapons (Elf:1)
  A deep elf knight (Elf:1)
  A skeletal warrior (D:10)
  3 deep elf archers (Elf:1)
  8 deep elf zephyrmancers (Elf:1)
  4 deep elf pyromancers (Elf:1)
  3 orc sorcerers (Orc:2)
  A salamander (shapeshifter) (Elf:1)
  3 trolls
  A water elemental (D:12)
  A wraith (D:10)
  A yak (D:11)
  3 wargs (Orc:2)
  10 orc warriors
  8 ogres (Orc:2)
  4 orc priests
  5 orc wizards
  10 orcs
73 creatures vanquished.

Vanquished Creatures (others)
  18 orc warriors
  4 orc knights (Elf:1)
  An orc sorcerer (Elf:1)
  A deep elf zephyrmancer (Elf:1)
  A deep elf pyromancer (Elf:1)
  A sky beast (D:7)
  5 orc priests
  17 orc wizards
  54 orcs
102 creatures vanquished.

Grand Total: 509 creatures vanquished

Notes
Turn   | Place    | Note
-------+----------+-------------------------------------------
     0 | D:1      | ytrimaz the Hill Orc Fighter began the quest for the Orb.
     0 | D:1      | Reached XP level 1. HP: 19/19 MP: 1/1
    45 | D:1      | Reached XP level 2. HP: 27/27 MP: 2/2
   360 | D:1      | Reached skill level 3 in Axes
   360 | D:1      | Reached XP level 3. HP: 29/33 MP: 3/3
  1201 | D:2      | Got the Grimoire of Shifting Orientation
  1285 | D:2      | Reached XP level 4. HP: 40/40 MP: 4/4
  1431 | D:2      | Found a faded altar of an unknown god.
  1485 | D:2      | Reached skill level 4 in Axes
  2006 | D:2      | Found a shadowy altar of Dithmenos.
  2177 | D:3      | Reached XP level 5. HP: 43/47 MP: 5/5
  2262 | D:3      | Found Gefougis's Magic Scroll Emporium.
  2263 | D:3      | Noticed Jessica
  2266 | D:3      | Killed Jessica
  2277 | D:3      | Bought a scroll of identify for 28 gold pieces
  2277 | D:3      | Bought a scroll of magic mapping for 49 gold pieces
  2277 | D:3      | Bought a scroll of fog for 28 gold pieces
  2277 | D:3      | Bought a scroll of noise for 14 gold pieces
  2287 | D:3      | Reached skill level 5 in Axes
  2395 | D:3      | Found Teatibiv's Assorted Antiques.
  2439 | D:3      | Found Xaut's Weapon Boutique.
  2902 | D:4      | Reached XP level 6. HP: 47/53 MP: 6/6
  3047 | D:4      | Noticed an ice beast
  3052 | D:4      | Killed an ice beast
  3053 | D:4      | Reached skill level 6 in Axes
  3169 | D:4      | Found a large runed translucent door.
  3169 | D:4      | Found a large runed translucent door.
  3265 | D:4      | Found a staircase to the Ecumenical Temple.
  3386 | Temple   | Entered the Ecumenical Temple
  3853 | D:4      | Found a blossoming altar of Fedhas.
  3858 | D:4      | Reached skill level 5 in Armour
  3862 | D:4      | Found an iron altar of Okawaru.
  3912 | D:5      | Entered Level 5 of the Dungeon
  3920 | D:5      | Reached XP level 7. HP: 39/60 MP: 7/7
  4030 | D:5      | Reached skill level 7 in Axes
  4134 | D:5      | Reached skill level 5 in Fighting
  4396 | D:5      | Reached skill level 8 in Axes
  4396 | D:5      | Reached XP level 8. HP: 43/68 MP: 8/8
  5176 | D:6      | Noticed Blork the orc
  5179 | D:6      | Became a worshipper of Beogh the Brigand
  5192 | D:6      | Killed Blork the orc
  5299 | D:6      | Reached skill level 9 in Axes
  5641 | D:6      | Reached skill level 1 in Invocations
  5729 | D:6      | Found a bloodstained altar of Trog.
  5932 | D:7      | Reached skill level 10 in Axes
  5980 | D:7      | Reached XP level 9. HP: 78/78 MP: 10/10
  6348 | D:7      | Reached * piety under Beogh
  6418 | D:7      | Noticed Joseph
  6429 | D:7      | Killed Joseph
  6430 | D:7      | Reached skill level 11 in Axes
  7111 | D:8      | Found a hazy altar of Hepliaklqana.
  7150 | D:8      | Noticed a troll
  7162 | D:8      | Killed a troll
  7163 | D:8      | Reached skill level 5 in Invocations
  7651 | D:8      | Found a shadowy altar of Dithmenos.
  7720 | D:8      | Noticed Pikel
  7728 | D:8      | Killed Pikel
  7729 | D:8      | Reached skill level 12 in Axes
  7729 | D:8      | Reached XP level 10. HP: 88/88 MP: 12/14
  7757 | D:8      | Found a staircase to the Lair.
  8109 | D:8      | Reached ** piety under Beogh
  8235 | D:8      | Reached skill level 13 in Axes
  8488 | D:8      | Identified 2 scrolls of acquirement
  8488 | D:8      | Acquired 740 gold pieces
  8492 | D:8      | Acquired a +1 executioner's axe of venom
  8588 | D:3      | Bought a scroll of acquirement for 728 gold pieces
  8588 | D:3      | Acquired a +2 pair of gloves of strength
  8677 | D:8      | Identified the +1 robe of Taczouc {SInv}
  8798 | D:3      | Bought an embroidered cloak for 232 gold pieces
  8887 | Lair:1   | Entered Level 1 of the Lair of Beasts
  8921 | D:9      | Noticed Grum
  8933 | D:9      | Killed Grum
  9757 | D:9      | Reached XP level 11. HP: 82/95 MP: 16/16
 10125 | D:9      | Noticed a two-headed ogre
 10130 | D:9      | Killed a two-headed ogre
 10131 | D:9      | Reached skill level 14 in Axes
 10149 | D:9      | Noticed a two-headed ogre
 10154 | D:9      | Killed a two-headed ogre
 10155 | D:9      | Reached skill level 10 in Armour
 10314 | D:10     | Entered Level 10 of the Dungeon
 10386 | D:10     | Reached *** piety under Beogh
 10387 | D:10     | Reached skill level 15 in Axes
 10636 | D:10     | Found the +7 Kryia's mail coat {PotionHeal*2 rC+}
 10667 | D:10     | Found Agutiafi's Armour Shoppe.
 10800 | D:10     | Found a sparkling altar of Nemelex Xobeh.
 11114 | D:10     | Reached skill level 10 in Fighting
 11312 | D:11     | Gained Agrik as an ally
 11421 | D:11     | Noticed a skeletal warrior
 11423 | D:11     | Noticed a death knight
 11423 | D:11     | Noticed a phantasmal warrior
 11747 | D:10     | Killed a phantasmal warrior
 11748 | D:10     | Reached XP level 12. HP: 45/106 MP: 17/19
 12069 | D:11     | Your ally Agrik died
 12105 | D:11     | Reached skill level 16 in Axes
 13037 | D:11     | Killed a death knight
 13740 | D:12     | Reached **** piety under Beogh
 14298 | D:12     | Found a staircase to the Orcish Mines.
 14546 | D:12     | Reached skill level 10 in Invocations
 15292 | D:12     | Acquired 648 gold pieces
 15354 | Orc:1    | Entered Level 1 of the Orcish Mines
 15449 | Orc:2    | Entered Level 2 of the Orcish Mines
 15449 | Orc:2    | Found a staircase to the Elven Halls.
 15472 | Orc:2    | Noticed an orc warlord
 15479 | Orc:2    | Killed an orc warlord
 15646 | Orc:2    | Noticed an orc warlord
 15658 | Orc:2    | Killed an orc warlord
 15714 | Orc:2    | Paralysed by an orc sorcerer for 6 turns
 15741 | Orc:2    | Found a roughly hewn altar of Beogh.
 15834 | Orc:2    | Found Vyutoseu's General Store.
 15835 | Orc:2    | Gained Bogric as an ally
 15843 | Orc:2    | Reached XP level 13. HP: 119/119 MP: 21/21
 15847 | Orc:2    | Found Deastreul's Antique Weapon Shoppe.
 15863 | Orc:2    | Bought a steaming flail for 280 gold pieces
 15863 | Orc:2    | Identified the +2 flail of the Grave {drain, rCorr Str+3
                  | SInv} (You bought it in a shop on level 2 of the Orcish
                  | Mines)
 15875 | Orc:2    | Bought a scroll of teleportation for 39 gold pieces
 15875 | Orc:2    | Bought a scroll of teleportation for 39 gold pieces
 15969 | Orc:2    | Noticed Saint Roka
 16493 | Orc:2    | Noticed an orc warlord
 16498 | Orc:2    | Reached skill level 1 in Maces & Flails
 16507 | Orc:2    | Killed an orc warlord
 16785 | Orc:2    | Found Joceuck's Armour Shop.
 16847 | Orc:2    | Found Zyhus's Weapon Shoppe.
 17029 | Orc:2    | Found Roetoggu's General Store.
 17038 | Orc:2    | Bought a scroll of acquirement for 780 gold pieces
 17038 | Orc:2    | Acquired 870 gold pieces
 17201 | Orc:2    | Noticed Snorg
 17211 | Orc:2    | Killed Snorg
 17489 | D:10     | Bought a +0 tower shield for 67 gold pieces
 17592 | Elf:1    | Entered Level 1 of the Elven Halls
 17607 | Elf:1    | Gained Warrok as an ally
 17723 | Elf:1    | Reached skill level 5 in Shields
 18210 | Elf:1    | Your ally Bogric died
 18222 | Elf:1    | Reached skill level 5 in Maces & Flails
 18612 | Elf:1    | Your ally Warrok died
 18623 | Elf:1    | Noticed a deep elf sorcerer
 18632 | Elf:1    | Killed a deep elf sorcerer
 18655 | Elf:1    | HP: 5/122 [salamander (shapeshifter) (4)]
 18660 | Elf:1    | Killed from afar by a deep elf zephyrmancer

Illustrated notes

Levels and vault maps discovered:
D:1:      kennysheep_arrival_seaside, layout_loops_corners
D:2:      layout_basic, ebering_ecumenical_altar_hall, basic_altar
D:3:      layout_loops_ring, serial_shops, nicolae_square_shop,
          nicolae_shop_trees, nicolae_shop_crystal, uniq_jessica
D:4:      layout_basic, jmf_multi_god_temple2, minmay_temple_entry_glass
D:5:      layout_gridville
D:6:      layout_cave_pools, mainiacjoe_overflow_six_doors_small,
          uniq_blork_the_orc
D:7:      layout_loops_cross, uniq_joseph
D:8:      layout_cave_pools, mainiacjoe_overflow_boulevard,
          nicolae_dithmenos_the_darkroom, lair_entry_dummy, uniq_pikel
D:9:      layout_basic, hangedman_abyss_or_decor_passed, minmay_between,
          uniq_grum
D:10:     layout_rooms, mainiacjoe_overflow_small_starburst, serial_shops,
          nicolae_shop_temple_entry_statues_fountains, special_room
          [special_room_orc], chequers_serial_rivers_room_a, eino_jars
D:11:     layout_long_grid
D:12:     layout_stronghold, erik_orc_2
Temple:   minmay_temple_bridge_d
Lair:1:   layout_cellular_growth
Orc:1:    layout_diamond_mine
Orc:2:    st_orc_town, layout_caves, serial_shops, nicolae_shop_statue_plus,
          uniq_snorg, uniq_saint_roka
Elf:1:    elf_arrival_002, layout_geoelf_grid,
          hangedman_elven_crosses_minicolossus, minivault_27,
          nicolae_elf_martial_mastery, uniq_aizul, uniq_jorgrun

Skill      XL: |  1  2  3  4  5  6  7  8  9 10 11 12 13 |
---------------+----------------------------------------+-----
Fighting       | 4 5 6 7 8 10 12 13 | 13.4
Axes           | 3 4 5 6 8 10 12 13 15 16 | 16.3
Armour         | 4 5 6 7 8 9 10 12 13 | 13.5
Shields        | 4 6 |  6.0
Invocations    | 2 5 7 9 11 | 11.0
Maces & Flails | 5 |  5.6
Dodging        | |  0.2

Action                   |  1- 3 |  4- 6 |  7- 9 | 10-12 | 13-15 || total
-------------------------+-------+-------+-------+-------+-------++-------
Melee: War axe           |    59 |   101 |   176 |   356 |    20 ||   712
       Executioner's axe |       |       |       |    27 |       ||    27
       Flail             |       |       |       |       |    79 ||    79
Invok: Convert to Beogh  |       |       |     1 |       |       ||     1
       Smiting           |       |       |       |     9 |    10 ||    19
       Recall Orcish Fol |       |       |       |     2 |     4 ||     6
Evoke: Wand              |       |       |       |     1 |       ||     1
  Use: Scroll            |     2 |     3 |     8 |    16 |     2 ||    31
       Potion            |       |       |     1 |    10 |     3 ||    14
 Stab: Distracted        |       |       |     5 |     7 |       ||    12
       Invisible         |       |       |       |     1 |       ||     1
Armor: Scale mail        |    41 |    51 |    68 |   231 |    89 ||   480
Dodge: Dodged            |    32 |    31 |   109 |   172 |    35 ||   379
Block: Buckler           |     9 |    22 |    30 |    74 |    12 ||   147
       Tower shield      |       |       |       |       |    46 ||    46

Table legend: (Time is in decaauts)
 A = Elapsed time spent in this place.
 B = Non-inter-level travel time spent in this place.
 C = Inter-level travel time spent in this place.
 D = Time resting spent in this place.
 E = Time spent auto-exploring this place.
 F = Levels seen in this place.
 G = Mean time per level.
                   A        B        C        D        E       F      G
               +--------+--------+--------+--------+--------+-----+--------+
         Total |  18660 |  17749 |    911 |   4186 |  10323 |  17 | 1097.6 |
       Dungeon |  15268 |  14437 |    831 |   3109 |   8728 |  12 | 1272.3 |
        Temple |    238 |    238 |      0 |      0 |    215 |   1 |  238.0 |
          Lair |      1 |      1 |      0 |      0 |      0 |   1 |    1.0 |
  Orcish Mines |   2065 |   1985 |     80 |    397 |   1245 |   2 | 1032.5 |
   Elven Halls |   1085 |   1085 |      0 |    680 |    135 |   1 | 1085.0 |
               +--------+--------+--------+--------+--------+-----+--------+

Top non-repeatable levels by time:
   Orc:2: 1956 daAuts
    D:11: 1793 daAuts
    D:12: 1715 daAuts
     D:7: 1682 daAuts
    D:10: 1634 daAuts
     D:8: 1461 daAuts
     D:5: 1244 daAuts
     D:1: 1188 daAuts
   Elf:1: 1085 daAuts
     D:9: 988 daAuts
     D:2: 986 daAuts
     D:4: 912 daAuts
     D:3: 833 daAuts
     D:6: 827 daAuts
  Temple: 238 daAuts
